 Dungeon Crawl Stone Soup version 0.21-a0-137-g951aa02 (webtiles) character file.

551 kuniqs the Thaumaturge (level 7, -8/32 HPs)
             Began as a Spriggan Necromancer on July 18, 2017.
             Mangled by a troll (12 damage)
             ... on level 5 of the Dungeon.
             The game lasted 00:08:38 (4782 turns).

kuniqs the Thaumaturge (Spriggan Necromancer)       Turns: 4782, Time: 00:08:38

Health: -8/32      AC:  2    Str:  4    XL:     7   Next: 7%
Magic:  2/19       EV: 18    Int: 19    God:
Gold:   358        SH:  0    Dex: 16    Spells: 9/22 levels left

rFire    . . .     SeeInvis +   x - +10 long sword of Glory {pain, Stlth+}
rCold    + . .     Gourm    .   (shield restricted)
rNeg     . . .     Faith    .   a - +0 robe
rPois    .         Spirit   .   (helmet restricted)
rElec    .         Reflect  .   q - scarf {cloud immunity}
rCorr    .         Harm     .   (gloves unavailable)
MR       +....                  (boots unavailable)
Stlth    +++.......             (no amulet)
HPRegen  0.10/turn              h - ring of protection from cold
MPRegen  0.16/turn              (no ring)

@: very quick
A: unfitting armour, see invisible, herbivore 3, speed 3, slow metabolism 2
a: no special abilities


You were on level 5 of the Dungeon.
You were not hungry.

You visited 1 branch of the dungeon, and saw 5 of its levels.

You collected 358 gold pieces.

Inventory:

Hand Weapons
 x - the +10 long sword of Glory (weapon) {pain, Stlth+}
   (You found it on level 4 of the Dungeon)

   In the hands of one skilled in necromantic magic, it inflicts extra damage on
   living creatures.
   It makes you more stealthy.
Missiles
 p - a throwing net (quivered)
Armour
 a - a +0 robe (worn)
 q - a scarf of cloud immunity (worn)
 r - a +0 cloak
 y - a +0 buckler
Jewellery
 h - a ring of protection from cold (left hand)
Scrolls
 g - a scroll of remove curse {unknown}
 j - 3 scrolls of teleportation
 k - a scroll of immolation {unknown}
 l - a scroll of magic mapping {unknown}
 n - 4 scrolls of identify {@r1}
 u - 2 scrolls of random uselessness {unknown}
 v - a scroll of amnesia {unknown}
 z - a scroll of fear {unknown}
 A - a scroll of enchant weapon {unknown}
Potions
 c - 3 potions of invisibility {unknown}
 e - 2 potions of curing {unknown}
 i - a potion of resistance {unknown}
 m - a potion of might {unknown}
 o - a potion of ambrosia {unknown}
 s - 2 potions of heal wounds {unknown}
 w - a potion of agility {unknown}
 B - a potion of mutation {unknown}
 C - a potion of lignification {unknown}
Books
 b - a book of Necromancy

   Spells                             Type                      Level
   a - Pain                           Necromancy                   1
   b - Animate Skeleton               Necromancy                   1
   c - Vampiric Draining              Necromancy                   3
   d - Regeneration                   Charms/Necromancy            3
   e - Animate Dead                   Necromancy                   4
   f - Control Undead                 Necromancy                   4
Comestibles
 d - 4 bread rations
 f - 2 fruits


   Skills:
 - Level 3.0 Dodging
 + Level 3.0 Stealth
 * Level 8.1 Spellcasting
 + Level 5.1 Necromancy


You had 9 spell levels left.
You knew the following spells:

 Your Spells              Type           Power        Failure   Level  Hunger
a - Pain                  Necr           ####         1%          1    None
b - Vampiric Draining     Necr           ####......   3%          3    None
c - Animate Dead          Necr           N/A          11%         4    ###....
d - Animate Skeleton      Necr           N/A          1%          1    None
e - Control Undead        Necr           ####......   11%         4    ###....


Dungeon Overview and Level Annotations

Branches:
Dungeon (5/15)
 Temple: D:4-7

Altars:
Makhleb
Trog


Innate Abilities, Weirdness & Mutations

You are very small and have problems with some larger weapons.
You are too small for most types of armour.
You have supernaturally acute eyesight. (SInv)
You are a herbivore.
You cover ground extremely quickly.
You need consume almost no food.


Message History

Aim: a troll (chance to defeat MR: 84%)
The troll barely resists.
Aim: a troll (chance to defeat MR: 84%)
The troll writhes in agony!
Aim: a troll (lightly wounded, chance to defeat MR: 84%)
The troll writhes in agony!
Aim: a troll (moderately wounded, chance to defeat MR: 84%)
The troll barely resists.
Aim: a troll (moderately wounded, chance to defeat MR: 84%)
The troll writhes in agony!
Aim: a troll (heavily wounded)
You feel life coursing into your body. The troll misses you.
The troll claws you but does no damage. The troll claws you!
Your orc skeleton barely misses the troll.
Aim: a troll (severely wounded)
You feel life coursing into your body. The troll bites you!
Ouch! That really hurt!
* * * LOW HITPOINT WARNING * * *
The troll claws you!
You die...

...## ...... ....# #....#
....# #....# ....# #....#
....##+## #....#
###.....# #....#
..#.....###+##....#
..#....<........T.#######
..#...........ZZ@Z......#
..#.....................#
..'.....................#
#+#.....................#
....##+#####+###'####+###
....#.........'........#
....'........Z#........#
....#######..########..#
..........#..###########


You could see a troll and 3 friendly orc skeletons.

Vanquished Creatures
  An ice beast (D:3)
  2 crimson imps (D:5)
  3 hounds
  Crazy Yiuf (D:2)
  Natasha (thrice) (D:4)
  A worker ant (D:5)
  A hound skeleton (D:4)
  7 adders
  An ooze (D:2)
  2 worms
  2 dart slugs (D:3)
  2 leopard geckos (D:1)
  9 orcs
  A ball python (D:2)
  A giant cockroach (D:1)
  5 goblins
  11 hobgoblins
  6 jackals
  4 kobolds
  7 quokkas
  5 bats
  3 frilled lizards
  7 rats
  4 fungi
89 creatures vanquished.

Notes
Turn   | Place    | Note
-------+----------+-------------------------------------------
     0 | D:1      | kuniqs the Spriggan Necromancer began the quest for the Orb.
     0 | D:1      | Reached XP level 1. HP: 9/9 MP: 5/5
    12 | D:1      | Reached skill level 3 in Spellcasting
   416 | D:1      | Reached XP level 2. HP: 9/13 MP: 2/7
   950 | D:1      | You fall through a shaft!
  1169 | D:1      | Reached skill level 4 in Spellcasting
  1543 | D:2      | Reached XP level 3. HP: 15/16 MP: 6/9
  1671 | D:2      | Learned a level 3 spell: Vampiric Draining
  2049 | D:2      | Reached XP level 4. HP: 14/21 MP: 5/11
  2121 | D:2      | Found a faded altar of an unknown god.
  2188 | D:2      | Reached skill level 5 in Spellcasting
  2642 | D:2      | Found a runed door.
  2646 | D:2      | Noticed Crazy Yiuf
  2660 | D:2      | Killed Crazy Yiuf
  2821 | D:3      | Learned a level 4 spell: Animate Dead
  2823 | D:3      | Learned a level 1 spell: Animate Skeleton
  2982 | D:3      | Reached XP level 5. HP: 18/24 MP: 4/14
  3084 | D:3      | Found a burning altar of Makhleb.
  3202 | D:3      | Noticed an ice beast
  3307 | D:3      | Killed an ice beast
  3307 | D:3      | Reached skill level 6 in Spellcasting
  3798 | D:3      | Reached XP level 6. HP: 26/28 MP: 12/16
  3945 | D:4      | Learned a level 4 spell: Control Undead
  3995 | D:4      | Got a smoking long sword
  3997 | D:4      | Identified the +10 long sword of Glory {pain, Stlth+} (You found it on level 4 of the Dungeon)
  4018 | D:4      | Noticed Natasha
  4027 | D:4      | Killed Natasha
  4027 | D:4      | Reached skill level 7 in Spellcasting
  4047 | D:4      | Noticed Natasha
  4291 | D:4      | Killed Natasha
  4370 | D:4      | Noticed Natasha
  4379 | D:4      | Killed Natasha
  4543 | D:5      | Entered Level 5 of the Dungeon
  4556 | D:5      | Found a bloodstained altar of Trog.
  4655 | D:5      | Reached skill level 5 in Necromancy
  4705 | D:5      | Reached skill level 8 in Spellcasting
  4705 | D:5      | Reached XP level 7. HP: 26/32 MP: 7/19
  4768 | D:5      | Noticed a troll
  4782 | D:5      | Mangled by a troll

Vault maps used:
D:1:      dpeg_arrival_subterranean_lakeside_camping, minmay_gold_behind_fungi,
          grunt_decor_fettered, minmay_pentomino_q4
D:2:      chequers_ecumenical_altar_simple_redux, uniq_crazy_yiuf_cottage
D:3:      lemuel_doored_altar, first_bread
D:4:      wad_river_or_something, uniq_natasha
D:5:      kennysheep_mini

Skill      XL: |  1  2  3  4  5  6 |
---------------+-------------------+-----
Spellcasting   | 3 4 5 6 8 |  8.1
Necromancy     | 4 5 |  5.1
Dodging        | |  3.0
Stealth        | |  3.0

Action                   |  1- 3 |  4- 6 |  7- 9 || total
-------------------------+-------+-------+-------++-------
Melee: Club              |    38 |    30 |       ||    68
       Quarterstaff      |       |    21 |       ||    21
       Long sword        |       |    12 |     7 ||    19
 Cast: Pain              |    67 |   105 |     9 ||   181
       Animate Skeleton  |       |     6 |       ||     6
       Vampiric Draining |       |     5 |     2 ||     7
  Use: Scroll            |       |     2 |       ||     2
 Stab: Sleeping          |       |     2 |     5 ||     7
  Eat: Royal jelly       |       |     1 |       ||     1
Armor: Robe              |       |     2 |     1 ||     3
Dodge: Dodged            |     4 |    24 |     4 ||    32
       Rpst.: Long sword |       |     8 |       ||     8
